 Dungeon Crawl Stone Soup version 0.25-a0-782-g655279ceaa (webtiles) character file.

Game seed: 9414505894296536057, levelgen mode: deterministic

139 MisterFreud the Changer (level 5, -1/33 HPs)
             Began as an Octopode Transmuter on Apr 16, 2020.
             Killed by miscasting Spider Form (9 damage)
             ... on level 3 of the Dungeon.
             The game lasted 00:04:03 (2479 turns).

MisterFreud the Changer (Octopode Transmuter)       Turns: 2479, Time: 00:04:04

Health: -1/33      AC:  1    Str:  9    XL:     5   Next: 22%
Magic:  4/9        EV: 13    Int: 19    God:
Gold:   123        SH:  0    Dex: 13    Spells: 4/10 levels left

rFire    x . .     SeeInvis .     - Unarmed
rCold    + . .     Gourm    .   (no shield)
rNeg     . . .     Faith    .   (helmet restricted)
rPois    .         Spirit   .   (no amulet)
rElec    .         Reflect  .   d - +3 ring of intelligence
rCorr    .         Harm     .   r - ring of ice (curse)
MR       .....                  s - ring of stealth
Stlth    +++.......             (no ring)
HPRegen  0.11/turn              (no ring)
MPRegen  0.11/turn              (no ring)
                                (no ring)
                                (no ring)

@: lethally poisoned (-1 -> -7), very slightly contaminated
A: almost no armour, stealthy swim, amphibious, 8 rings, constrict 8, camouflage
1, gelatinous body 1
a: no special abilities


You were on level 3 of the Dungeon.
You were not hungry.

You visited 1 branch of the dungeon, and saw 3 of its levels.

You collected 123 gold pieces.

Inventory:

Missiles
 a - 38 arrows
 e - 46 poisoned darts (quivered)
 g - 46 sling bullets
 h - 48 stones
Armour
 p - a +0 buckler
Jewellery
 d - a +3 ring of intelligence (left tentacle)
 r - a cursed ring of ice (right tentacle)
 s - a ring of stealth (on tentacle)
Scrolls
 b - 3 scrolls of identify {unknown}
 f - a scroll of teleportation {unknown}
 m - a scroll of fog {unknown}
 n - 2 scrolls of remove curse {unknown}
 q - a scroll of enchant weapon {unknown}
 u - 2 scrolls of fear {unknown}
 w - a scroll of immolation {unknown}
Potions
 i - a potion of stabbing {unknown}
 j - 2 potions of degeneration {unknown}
 k - a potion of flight {unknown}
 l - a potion of mutation {unknown}
 o - a potion of curing {unknown}
 v - a potion of berserk rage {unknown}
Comestibles
 c - 2 rations


   Skills:
 - Level 1.0 Fighting
 - Level 2.0 Dodging
 - Level 3.0 Unarmed Combat
 - Level 3.0 Spellcasting
 * Level 4.5 Transmutations


You had 4 spell levels left.
You knew the following spells:

 Your Spells              Type           Power        Failure   Level  Hunger
a - Beastly Appendage     Tmut           ###...       2%          1    None
b - Sticks to Snakes      Tmut           ###.....     3%          2    ##.....
c - Spider Form           Tmut/Pois      ##........   19%         3    ###....

Your spell library contained the following spells:

 Spells                   Type           Power        Failure   Level  Hunger
 Ice Form                 Ice/Tmut       ###.....     52%         4    ####...
 Blade Hands              Tmut           ###.......   54%         5    ######.


Dungeon Overview and Level Annotations

Branches:
Dungeon (3/15)

Altars:
Uskayaw


Innate Abilities, Weirdness & Mutations

You cannot wear most types of armour.
You are very stealthy in the water. (Stealth+)
You are amphibious.
You can wear up to eight rings at the same time.
You can use your tentacles to constrict eight enemies at once.
Your skin changes colour to match your surroundings (Stealth+).
Your rubbery body absorbs attacks. (AC +1, EV +1)


Message History

You see here a stone.
The crimson imp throws a stone.
The stone hits you but does no damage.
You see here 3 stones.
You see here a stone.
The crimson imp throws a stone.
The stone barely misses you.
You see here 2 stones.
You feel sick.
The crimson imp throws a stone.
The stone misses you.
You start resting.
Eating a chunk of flesh.
You eat the chunk of flesh.
This raw flesh tastes terrible.
You feel sick.
The crimson imp is too close now for your liking.
Press: ? - help, v - describe, . - travel
Here: a crimson imp, quivering 6 stones The floor.
Unknown command.
Casting: Spider Form (slightly dangerous; 19% risk of failure)
Confirm with . or Enter, or press ? or * to list all spells.
You miscast Spider Form.
You feel rather nauseous for a moment!
You are more poisoned.
You die...

#..............#
#..........[...#
#..............##########
#..............##.......#
#..............##.......# ..
##.............##(......#.....
##..........#.##(......#.....
####.........(((............
#.......@#(#.(.....#.....
#...รท..(.#...............
#........5...#....$......
#......(.#.#..#.(........
#........#.##.5..(.......
#######....####..........
###..# #.......... #..##
#.......... #...# #..........


You could see a crimson imp.

Vanquished Creatures
  4 gnolls (D:2)
  2 adders (D:2)
  2 worms (D:2)
  2 dart slugs
  2 leopard geckos
  6 giant cockroaches
  8 goblins
  6 hobgoblins
  4 jackals (D:2)
  9 kobolds
  A quokka (D:2)
  A ball python (D:1)
  7 bats
  6 frilled lizards
  11 rats
71 creatures vanquished.

Notes
Turn   | Place    | Note
-------+----------+-------------------------------------------
     0 | D:1      | MisterFreud the Octopode Transmuter began the quest for the
                  | Orb.
     0 | D:1      | Reached XP level 1. HP: 13/13 MP: 3/3
   202 | D:1      | Reached XP level 2. HP: 15/18 MP: 3/5
   494 | D:1      | Reached skill level 3 in Transmutations
   500 | D:1      | Reached XP level 3. HP: 20/23 MP: 4/6
   754 | D:1      | Learned a level 2 spell: Sticks to Snakes
   758 | D:1      | Learned a level 3 spell: Spider Form
  1334 | D:2      | Found a hide-covered altar of Uskayaw.
  1346 | D:2      | Reached XP level 4. HP: 16/28 MP: 8/8
  1839 | D:2      | Reached skill level 4 in Transmutations
  2048 | D:2      | Reached XP level 5. HP: 12/33 MP: 6/9
  2479 | D:3      | Killed by miscasting Spider Form

Levels and vault maps discovered:
D:1:      dpeg_arrival_court, layout_loops_ring, serial_glass, glass_columns_c,
          glass_columns_a
D:2:      layout_loops_corners, old_standard_altar, grunt_ministairs_9,
          minivault_24
D:3:      layout_rooms, small_statue_intersection, uniq_ijyb, uniq_sigmund

Skill      XL: |  1  2  3  4 |
---------------+-------------+-----
Transmutations | 3 4 |  4.5
Spellcasting   | 3 |  3.0
Fighting       | |  1.0
Dodging        | |  2.0
Unarmed Combat | |  3.0

Action                   |  1- 3 |  4- 6 || total
-------------------------+-------+-------++-------
Melee: Unarmed           |    82 |    83 ||   165
       Constrict         |    28 |    15 ||    43
       Kick              |     7 |       ||     7
       Tentacles         |    12 |    10 ||    22
Throw: Dart              |       |     5 ||     5
 Cast: Beastly Appendage |     5 |       ||     5
       Sticks to Snakes  |     1 |       ||     1
       Spider Form       |       |     4 ||     4
 Stab: Distracted        |     1 |       ||     1
       Sleeping          |     1 |     2 ||     3
  Eat: Chunk             |     1 |     5 ||     6
Armor: Skin              |     8 |    14 ||    22
Dodge: Dodged            |    58 |   102 ||   160

Table legend:
 A = Non-vault XP
 B = Vault XP
 C = Vault XP percentage of total XP
 D = Non-vault monster count
 E = Vault monster count
 F = Vault count percentage of total count
                 A         B        C        D         E       F
            +---------+---------+-------+---------+---------+-------
      Total |     139 |      60 |  30.2 |      66 |       5 |   7.0
            +---------+---------+-------+---------+---------+-------
        D:1 |      45 |       0 |   0.0 |      28 |       0 |   0.0
        D:2 |      85 |      60 |  41.4 |      32 |       5 |  13.5
        D:3 |       9 |       0 |   0.0 |       6 |       0 |   0.0
            +---------+---------+-------+---------+---------+-------
